 Dungeon Crawl Stone Soup version 0.22-a0-617-g6d95e9e (webtiles) character file.

205772 Ijustatesigmund the Exorcist (level 18, -13/193 HPs)
             Began as an Octopode Fighter on July 12, 2018.
             Was an Elder of the Shining One.
             Killed from afar by a naga mage (19 damage)
             ... with an orb of energy
             ... on level 2 of the Snake Pit.
             The game lasted 02:41:33 (39661 turns).

Ijustatesigmund the Exorcist (Octopode Fighter)    Turns: 39661, Time: 02:41:34

Health: -13/193    AC:  8    Str: 22    XL:     18   Next: 69%
Magic:  31/31      EV: 30    Int: 13    God:    the Shining One [****..]
Gold:   2242       SH: 39    Dex: 16    Spells: 16/17 levels left

rFire    + . .     SeeInvis .   a - +4 broad axe
rCold    + . .     Gourm    .   U - +6 large shield of Cudafait {Str+2 Int+4}
rNeg     + + +     Faith    .   (helmet restricted)
rPois    .         Spirit   .   v - necklace of Bloodlust {*Rage +Rage MR++ Int-3 Slay+6 *Curse} (curse)
rElec    .         Reflect  .   i - +4 ring of evasion
rCorr    +         Harm     .   f - ring of protection from cold
MR       ++++.     Rnd*Rage +   T - +3 ring of evasion
Stlth    ..........             V - +4 ring of evasion
HPRegen  0.42/turn              L - ring of positive energy
MPRegen  0.22/turn              l - ring of protection from magic
                                J - ring of resist corrosion
                                m - +5 ring of protection

@: berserking, lethally poisoned (-13 -> -29), divine shield, glowing, studying
Earth Magic, very quick
A: almost no armour, stealthy swim, amphibious, 8 rings, constrict 8, tentacle
spike 1, icy blue scales 1, camouflage 1, clumsy 1, fire resistance 1,
gelatinous body 1
}: 1/15 runes: barnacled
a: Divine Shield, Cleansing Flame, Renounce Religion, Evoke Berserk Rage


You were on level 2 of the Snake Pit.
You worshipped the Shining One.
The Shining One was greatly pleased with you.
You were not hungry.

You visited 8 branches of the dungeon, and saw 32 of its levels.
You also visited: Ice Cave.

You collected 3312 gold pieces.
You spent 1070 gold pieces at shops.

Inventory:

Hand Weapons
 a - a +4 broad axe (weapon)
 H - a +0 morningstar of protection
Missiles
 G - 25 poisoned javelins (quivered)
 S - 14 javelins of penetration
 Z - 3 throwing nets
Armour
 U - the +6 large shield of Cudafait (worn) {Str+2 Int+4}
   (You bought it in a shop on level 2 of the Orcish Mines)

   It affects your strength (+2).
   It affects your intelligence (+4).
Jewellery
 f - a ring of protection from cold (right tentacle)
 i - a +4 ring of evasion (left tentacle)
 l - a ring of protection from magic (on tentacle)
 m - a +5 ring of protection (on tentacle)
 p - an uncursed ring of stealth
 q - an uncursed ring of protection from cold
 v - the cursed necklace of Bloodlust (around mantle) {*Rage +Rage MR++ Int-3 Slay+6 *Curse}
   (You found it on level 11 of the Dungeon)

   [amulet of rage]

   It affects your intelligence (-3).
   It affects your accuracy and damage with ranged weapons and melee attacks
   (+6).
   It affects your resistance to hostile enchantments.
   It lets you go berserk.
   It may make you go berserk in combat.
   It curses itself when equipped.
   It has a curse placed upon it.
 x - an uncursed ring of protection from cold
 z - an uncursed amulet of regeneration
 B - a +5 ring of intelligence
 C - a +4 ring of strength
 J - a ring of resist corrosion (on tentacle)
 K - an uncursed ring of protection from magic
 L - a ring of positive energy (on tentacle)
 T - a +3 ring of evasion (on tentacle)
 V - a +4 ring of evasion (on tentacle)
Wands
 c - a wand of flame (82)
 k - a wand of iceblast (1)
 n - a wand of digging (7)
 s - a wand of paralysis (27)
 N - a wand of polymorph (14)
 Q - a wand of enslavement (7)
 X - a wand of acid (2)
Scrolls
 b - 2 scrolls of magic mapping
 u - 9 scrolls of remove curse
 w - 5 scrolls of fog
 y - 4 scrolls of immolation
 A - 9 scrolls of amnesia
 D - a scroll of teleportation
 I - 4 scrolls of identify
 P - a scroll of summoning
 R - a scroll of fear
 W - 4 scrolls of enchant armour
 Y - a scroll of blinking
Potions
 e - a potion of curing
 g - a potion of mutation
 h - 6 potions of brilliance
 o - a potion of agility
 r - 3 potions of ambrosia
 t - 2 potions of flight
 E - 2 potions of resistance
 F - 2 potions of magic
 M - a potion of might
Books
 j - a manual of Earth Magic
Miscellaneous
 O - a fan of gales
Comestibles
 d - 16 rations


   Skills:
 - Level 13.5 Fighting
 - Level 14.0 Axes
 - Level 7.9 Throwing
 - Level 10.9 Dodging
 + Level 8.4 Stealth
 - Level 13.4 Shields
 - Level 5.1 Translocations
 + Level 19.2 Invocations


You had 16 spell levels left.
You knew the following spells:

 Your Spells              Type           Power        Failure   Level  Hunger
a - Apportation           Tloc           ##....       17%         1    ##.....

Your spell library contained the following spells:

 Spells                   Type           Power        Failure   Level  Hunger
 Fireball                 Conj/Fire      #.........   100%        5    ######.
 Conjure Flame            Conj/Fire      #.......     99%         3    ####...
 Throw Flame              Conj/Fire      #.....       90%         2    ###....
 Throw Frost              Conj/Ice       #.....       90%         2    ###....
 Ring of Flames           Chrm/Fire      #.........   100%        7    #######
 Summon Small Mammal      Summ           #...         80%         1    ##.....
 Animate Skeleton         Necr           N/A          80%         1    ##.....
 Freeze                   Ice            #...         80%         1    ##.....
 Sticky Flame             Conj/Fire      #.......     100%        4    #####..
 Summon Ice Beast         Ice/Summ       #.......     100%        4    #####..
 Ozocubu's Armour         Chrm/Ice       #.......     99%         3    ####...
 Stone Arrow              Conj/Erth      #.....       99%         3    ####...
 Spider Form              Tmut/Pois      #.........   99%         3    ####...
 Blade Hands              Tmut           #.........   100%        5    ######.
 Throw Icicle             Conj/Ice       #.......     100%        4    #####..
 Confusing Touch          Hex            #.....       80%         1    ##.....
 Flame Tongue             Conj/Fire      #....        80%         1    ##.....
 Passwall                 Tmut/Erth      #.......     90%         2    ###....
 Lee's Rapid Deconstruct  Erth           #.........   100%        5    ######.
 Sandblast                Erth           #.....       80%         1    ##.....
 Petrify                  Tmut/Erth      #.......     100%        4    #####..
 Inner Flame              Hex/Fire       #.......     99%         3    ####...
 Infusion                 Chrm           #...         80%         1    ##.....
 Song of Slaying          Chrm           #.......     90%         2    ###....


Dungeon Overview and Level Annotations

Branches:
Dungeon (15/15)            Temple (1/1) D:5            Lair (6/6) D:8
 Shoals (4/4) Lair:4        Snake (2/4) Lair:4        Slime (0/5) Lair:6
    Orc (2/2) D:12            Elf (0/3) Orc:2        Vaults (1/5) D:14
 Depths (1/5) D:15

Altars:
Dithmenos
Hepliaklqana
Makhleb
Nemelex Xobeh
Qazlal
Ru
Sif Muna
Trog
Uskayaw
Yredelemnul
The Shining One
Beogh
Jiyva

Shops:
D:7 [   Orc:1 !   Orc:2 =[*(

Annotations:
Lair:6 exclusion: oklob plant
Depths:1 Aizul


Innate Abilities, Weirdness & Mutations

You cannot wear most types of armour.
You are very stealthy in the water. (Stealth+)
You are amphibious.
You can wear up to eight rings at the same time.
You can use your tentacles to constrict eight enemies at once.
Your skin changes colour to match your surroundings (Stealth+).
Your rubbery body absorbs attacks. (AC +1, EV +1)
One of your tentacles bears a spike.
You are partially covered in icy blue scales. (AC +2)
You are clumsy. (Dex -2)
Your flesh is heat resistant. (rF+)


Message History

You kill the anaconda!
You slice the naga!!
The necklace of Bloodlust glows a violent red.
You kill the naga!
You feel sick. You block the naga mage's attack.
You slice the naga mage!!
You pierce the naga mage!
The naga mage is almost dead.
You feel sick. The naga mage casts a spell at you. The bolt of poison hits you!
You are more poisoned.
* * * LOW HITPOINT WARNING * * *
You block the naga mage's attack.
You closely miss the naga mage.
The naga mage is almost dead.
* * * LOW HITPOINT WARNING * * *
You feel sick.
The naga mage points at you and mumbles some strange words.
The orb of energy hits you!
You die...

# ### ####.. ##...## #
.. #..### #.#
####..>##.[# ....#
...#...#.#<####
......###.....###.#....#
.....)N@....# #....[†...
.....N)#....###.##.....#
.......#...##....#......
.....###.###.....#.##.##
.#.###.....#.....#.#....
# ##....#............
#...##.....##.....
##...#.......#....#
#....#.......#..#..


You could see 2 naga magi.

Vanquished Creatures
  Saint Roka (D:15)
  Nikola (Shoals:3)
  Jorgrun (Shoals:3)
  Kirke (Shoals:3)
  The ghost of Salmacis the Severer, an adept FoFi of Ru (Orc:2)
  An iron dragon (D:14)
  2 orc warlords
  2 vault wardens (Vaults:1)
  3 ironheart preservers (Vaults:1)
  A stone giant (Depths:1)
  Nessos (D:13)
  Azrael (D:14)
  A deep elf demonologist (Vaults:1)
  A minotaur (Orc:2)
  An ettin (Orc:2)
  5 merfolk javelineers
  3 yaktaur captains (Vaults:1)
  2 ogre magi
  Harold (D:10)
  Josephine (D:10)
  2 rakshasas (Vaults:1)
  A great orb of eyes (Vaults:1)
  7 merfolk impalers
  2 hydras
  2 naga warriors (Snake:2)
  A vault guard (D:14)
  3 ice dragons
  An alligator snapping turtle (Shoals:4)
  2 catoblepae
  Erica (D:9)
  2 centaur warriors
  2 merfolk aquamancers
  A death knight (D:12)
  4 anacondas
  A merfolk avatar (Shoals:1)
  19 two-headed ogres
  A death yak (D:8)
  Urug (Orc:2)
  An orc high priest (Orc:2)
  6 naga sharpshooters
  A shock serpent (Snake:2)
  3 deep elf knights (Vaults:1)
  11 sea snakes
  A salamander mystic (Snake:1)
  A deep troll (Depths:1)
  A flayed ghost (Vaults:1)
  5 unseen horrors
  A wizard (D:14)
  Pikel (D:6)
  7 orc knights
  A necromancer (D:15)
  3 ironbrand convokers (Vaults:1)
  2 naga ritualists (Snake:1)
  20 harpies
  A shining eye (shapeshifter) (D:14)
  4 deep elf archers (Vaults:1)
  3 mana vipers
  2 wolf spider zombies
  5 deep elf magi
  34 ugly things
  A wolf spider (Vaults:1)
  8 orc sorcerers
  4 cyclopes
  10 manticores
  2 fauns (Shoals:1)
  A centaur zombie (D:12)
  6 merfolk sirens
  3 elephants
  3 vault sentinels (Vaults:1)
  7 naga magi
  11 black mambas
  A water nymph (Shoals:1)
  2 ice statues (IceCv)
  2 spiny frogs
  A gargoyle (D:15)
  18 yaktaurs
  8 centaur skeletons
  2 rime drakes (IceCv)
  A tengu conjurer (D:14)
  4 komodo dragons
  A kobold demonologist (D:15)
  A freezing wraith (Vaults:1)
  20 merfolk
  5 hornets
  Grinder (D:3)
  10 trolls
  6 wind drakes
  5 polar bears (Lair:6)
  A harpy skeleton (D:15)
  5 blink frogs (Lair:6)
  A dream sheep (Lair:6)
  13 slime creatures
  14 hippogriffs
  A shadow (D:15)
  11 snapping turtles
  12 spriggans
  A vampire (D:14)
  8 water elementals
  19 yaks
  5 wyverns
  9 wraiths
  2 fire elementals (D:14)
  18 humans
  3 basilisks
  6 hogs
  A hungry ghost (D:13)
  5 vampire mosquitoes (D:15)
  8 wargs
  24 nagas
  5 hell hounds (D:14)
  An acid dragon (D:15)
  7 water moccasins
  6 porcupines
  48 orc warriors
  4 black bears
  5 sky beasts
  19 ice beasts
  3 phantoms
  An eye of draining (D:12)
  A hornet zombie (D:9)
  A necrophage (D:14)
  14 ogres
  5 boggarts (Lair:6)
  28 wolves
  9 centaurs
  16 crocodiles
  3 big kobolds
  12 bullfrogs
  2 wyvern zombies
  4 scorpions
  4 wyvern skeletons
  13 killer bees
  22 wights
  9 howler monkeys
  2 electric eels (D:8)
  10 crimson imps
  2 bullfrog zombies
  4 jellies
  5 hounds
  20 orc priests
  Crazy Yiuf (D:2)
  3 bullfrog skeletons
  44 orc wizards
  Ijyb (D:3)
  5 iguanas
  11 worker ants
  A centaur simulacrum (D:8)
  A hound skeleton (D:11)
  5 gnolls
  13 adders
  A hound simulacrum (D:8)
  8 shadow imps
  A white imp (D:8)
  An ufetubus (D:8)
  2 oozes
  4 worms
  5 leopard geckos
  85 orcs
  8 giant cockroaches
  8 goblins
  13 hobgoblins
  9 jackals
  27 kobolds
  3 quokkas
  2 ball pythons
  9 bats
  3 frilled lizards
  A jackal simulacrum (D:8)
  6 rats
  2 bushes (Lair:2)
  A fungus (Lair:4)
  2 plants (Shoals:3)
1080 creatures vanquished.

Vanquished Creatures (collateral kills)
  An orc warrior (D:15)
1 creature vanquished.

Vanquished Creatures (others)
  A two-headed ogre (D:15)
  A merfolk (Shoals:2)
  An orc warrior (D:15)
  A vampire mosquito (D:15)
  2 slaves (D:7)
  2 killer bees (D:7)
  An orc (Orc:2)
  A bush (Lair:2)
  33 fungi
  9 plants
52 creatures vanquished.

Grand Total: 1133 creatures vanquished

Notes
Turn   | Place    | Note
-------+----------+-------------------------------------------
     0 | D:1      | Ijustatesigmund the Octopode Fighter began the quest for the Orb.
     0 | D:1      | Reached XP level 1. HP: 16/16 MP: 1/1
    62 | D:1      | Reached XP level 2. HP: 15/21 MP: 2/2
   585 | D:1      | Reached XP level 3. HP: 26/26 MP: 3/3
   990 | D:2      | Reached XP level 4. HP: 29/31 MP: 4/4
  1332 | D:2      | Found a sacrificial altar of Ru.
  1372 | D:2      | Reached XP level 5. HP: 36/37 MP: 5/5
  1411 | D:2      | Found a deep blue altar of Sif Muna.
  1504 | D:2      | Found a runed door.
  1508 | D:2      | Noticed Crazy Yiuf
  1513 | D:2      | Killed Crazy Yiuf
  1789 | D:2      | Found a bloodstained altar of Trog.
  1918 | D:3      | Noticed Grinder
  2488 | D:4      | Found a burning altar of Makhleb.
  2616 | D:4      | Reached XP level 6. HP: 36/43 MP: 6/6
  2821 | D:4      | Found a shadowy altar of Dithmenos.
  2855 | D:4      | Noticed a phantom
  2879 | D:4      | Killed a phantom
  2879 | D:4      | Reached skill level 5 in Axes
  3234 | D:4      | Found a hide-covered altar of Uskayaw.
  3308 | D:4      | Reached XP level 7. HP: 24/49 MP: 7/7
  3597 | D:5      | Entered Level 5 of the Dungeon
  3683 | D:5      | Reached skill level 5 in Fighting
  3883 | D:5      | Found a bloodstained altar of Trog.
  3911 | D:5      | Reached skill level 5 in Shields
  4292 | D:5      | Found a staircase to the Ecumenical Temple.
  4298 | Temple   | Entered the Ecumenical Temple
  4304 | Temple   | Became a worshipper of the Shining One
  4332 | D:5      | Reached XP level 8. HP: 47/55 MP: 8/8
  5409 | D:6      | Found a sparkling altar of Nemelex Xobeh.
  6149 | D:7      | Found a basalt altar of Yredelemnul.
  6149 | D:7      | Noticed Pikel
  6151 | D:7      | Reached * piety under the Shining One
  6154 | D:6      | Reached skill level 5 in Dodging
  6402 | D:3      | Noticed Ijyb
  6411 | D:3      | Killed Ijyb
  6520 | D:3      | Paralysed by Grinder for 4 turns
  6524 | D:3      | Killed Grinder
  6524 | D:3      | Reached XP level 9. HP: 39/61 MP: 9/9
  7107 | D:6      | Killed Pikel
  7161 | D:7      | Identified the Compendium of Helpful Changing
  7177 | D:7      | Found a hazy altar of Hepliaklqana.
  7602 | D:7      | Found Duaresh's Antique Armour Boutique.
  7777 | D:7      | Reached skill level 1 in Invocations
  7852 | D:7      | Reached skill level 2 in Invocations
  8256 | D:8      | Reached XP level 10. HP: 51/72 MP: 10/12
  8259 | D:8      | Reached skill level 3 in Invocations
  8269 | D:8      | Noticed a two-headed ogre
  8276 | D:8      | Killed a two-headed ogre
  8276 | D:8      | Reached skill level 4 in Invocations
  8538 | D:8      | Found a staircase to the Lair.
  8605 | D:8      | Reached skill level 5 in Invocations
  8634 | D:8      | Reached ** piety under the Shining One
  8771 | D:8      | Noticed a death yak
  8795 | D:8      | Killed a death yak
  8795 | D:8      | Reached skill level 6 in Invocations
  9799 | D:9      | Reached skill level 7 in Invocations
  9837 | D:9      | Noticed Erica
 10047 | D:9      | Reached XP level 11. HP: 80/80 MP: 16/16
 10142 | D:9      | Killed Erica
 10142 | D:9      | Reached skill level 10 in Axes
 10338 | D:9      | Found a stormy altar of Qazlal.
 10428 | D:9      | Noticed a two-headed ogre
 10444 | D:9      | Killed a two-headed ogre
 10444 | D:9      | Reached skill level 8 in Invocations
 10691 | D:10     | Entered Level 10 of the Dungeon
 10756 | D:10     | Reached *** piety under the Shining One
 10789 | D:10     | Noticed Harold
 10832 | D:10     | Killed Harold
 11160 | D:10     | Noticed Josephine
 11161 | D:10     | Noticed a two-headed ogre
 11171 | D:10     | Killed Josephine
 11194 | D:10     | Killed a two-headed ogre
 11684 | D:10     | Reached skill level 10 in Fighting
 11684 | D:10     | Reached skill level 9 in Invocations
 12251 | D:11     | Noticed a cyclops
 12254 | D:11     | Reached **** piety under the Shining One
 12266 | D:11     | Killed a cyclops
 12266 | D:11     | Reached XP level 12. HP: 52/87 MP: 16/18
 12360 | D:11     | Found a deep blue altar of Sif Muna.
 12421 | D:11     | Gained mutation: One of your tentacles bears a spike. [potion of mutation]
 12421 | D:11     | Gained mutation: One of your tentacles bears a nasty spike. [potion of mutation]
 12421 | D:11     | Gained mutation: Your muscles are strong. (Str +2) [potion of mutation]
 12487 | D:11     | Found the cursed necklace of Bloodlust {*Rage +Rage MR++ Int-3 Slay+6 *Curse}
 12875 | D:12     | Reached skill level 1 in Throwing
 12898 | D:12     | Noticed a seven-headed hydra
 13067 | D:12     | Noticed a death knight
 13076 | D:12     | Killed a death knight
 13076 | D:12     | Reached skill level 10 in Invocations
 13157 | D:12     | Killed a seven-headed hydra
 13430 | D:12     | Found a staircase to the Orcish Mines.
 13928 | Lair:1   | Entered Level 1 of the Lair of Beasts
 14270 | Lair:1   | Reached skill level 1 in Stealth
 15077 | Lair:2   | Reached XP level 13. HP: 80/95 MP: 21/21
 15096 | Lair:2   | Found a frozen archway.
 15123 | IceCv    | Entered an ice cave
 15165 | IceCv    | Reached skill level 11 in Invocations
 15292 | IceCv    | Reached skill level 5 in Stealth
 15415 | IceCv    | Noticed an ice dragon
 15415 | IceCv    | Noticed an ice dragon
 15424 | IceCv    | Killed an ice dragon
 15429 | IceCv    | Killed an ice dragon
 16760 | Lair:3   | Learned a level 1 spell: Apportation
 17356 | Lair:4   | Reached skill level 1 in Translocations
 17466 | Lair:4   | Reached skill level 12 in Invocations
 17604 | Lair:4   | Found a staircase to the Snake Pit.
 17849 | Lair:4   | Found a staircase to the Shoals.
 18278 | Lair:4   | You fall through a shaft for 2 floors!
 18278 | Lair:6   | Entered Level 6 of the Lair of Beasts
 19373 | Lair:5   | Reached skill level 5 in Translocations
 19699 | Lair:5   | You fall through a shaft!
 19717 | Lair:6   | Found a viscous altar of Jiyva.
 19717 | Lair:6   | Found a staircase to the Slime Pits.
 20372 | Lair:5   | Paralysed by a hornet for 2 turns
 20683 | Lair:5   | Reached XP level 14. HP: 80/101 MP: 23/23
 20846 | Lair:6   | Got a smoking double sword
 20847 | Lair:6   | Identified the cursed +2 double sword "Ofishuxe" {slice, rC+ MR+ Str+2} (You found it on level 6 of the Lair of Beasts)
 22409 | Orc:1    | Entered Level 1 of the Orcish Mines
 22726 | Orc:1    | Found Cef Kyn's Distillery.
 22768 | Orc:1    | Bought a potion of curing for 42 gold pieces
 22768 | Orc:1    | Bought a potion of mutation for 112 gold pieces
 22768 | Orc:1    | Bought a potion of berserk rage for 70 gold pieces
 22768 | Orc:1    | Bought a potion of heal wounds for 70 gold pieces
 22768 | Orc:1    | Bought a potion of haste for 140 gold pieces
 22856 | Orc:2    | Entered Level 2 of the Orcish Mines
 22856 | Orc:2    | Found a staircase to the Elven Halls.
 23060 | Orc:2    | Found a burning altar of Makhleb.
 23080 | Orc:2    | Noticed an orc warlord
 23174 | Orc:1    | Killed an orc warlord
 23174 | Orc:1    | Reached skill level 13 in Invocations
 24123 | Orc:2    | Noticed Salmacis's ghost (adept FoFi)
 24146 | Orc:2    | Found a runed gate.
 24146 | Orc:2    | Found a runed gate.
 24146 | Orc:2    | Found a runed gate.
 24754 | Orc:2    | Noticed an orc warlord
 24790 | Orc:2    | Killed an orc warlord
 24854 | Orc:2    | Gained mutation: You tend to lose your temper in combat. [a neqoxec]
 25004 | Orc:2    | Killed Salmacis's ghost
 25132 | Orc:2    | Got a crude trident
 25133 | Orc:2    | Identified the cursed +1 trident of Vayxoam {flame, *Drain Str+2 Dex+4} (You found it on level 2 of the Orcish Mines)
 25427 | Orc:2    | Found a roughly hewn altar of Beogh.
 25533 | Orc:2    | Noticed Urug
 25554 | Orc:2    | Reached XP level 15. HP: 108/108 MP: 25/25
 25620 | Orc:2    | Found Qihoytio's General Store.
 25637 | Orc:2    | Killed Urug
 25712 | Orc:2    | Reached skill level 5 in Throwing
 25894 | Orc:2    | Found Gaeh's Jewellery Shop.
 25929 | Orc:2    | Bought a scroll of teleportation for 45 gold pieces
 25929 | Orc:2    | Bought a scroll of teleportation for 45 gold pieces
 25945 | Orc:2    | Bought a +3 ring of evasion for 252 gold pieces
 25995 | Orc:2    | Found Koug's Antique Armour Shop.
 26001 | Orc:2    | Bought a bloodstained large shield for 294 gold pieces
 26031 | Orc:2    | Found Lyakiq's Antique Weapon Shop.
 26047 | Orc:2    | Identified the +6 large shield of Cudafait {Str+2 Int+4} (You bought it in a shop on level 2 of the Orcish Mines)
 26146 | D:13     | Noticed Nessos
 26165 | D:13     | Killed Nessos
 26189 | D:13     | Lost mutation: One of your tentacles bears a nasty spike. [potion of mutation]
 26189 | D:13     | Lost mutation: Your muscles are strong. (Str +2) [potion of mutation]
 26189 | D:13     | Lost mutation: One of your tentacles bears a spike. [potion of mutation]
 26189 | D:13     | Gained mutation: You are partially covered in icy blue scales. (AC +2) [potion of mutation]
 26189 | D:13     | Lost mutation: You tend to lose your temper in combat. [potion of mutation]
 26189 | D:13     | Gained mutation: One of your tentacles bears a spike. [potion of mutation]
 26189 | D:13     | Gained mutation: Your flesh is heat resistant. (rF+) [potion of mutation]
 27206 | D:14     | Reached skill level 14 in Invocations
 27668 | D:14     | Noticed Azrael
 27702 | D:14     | Killed Azrael
 27884 | D:14     | Gained mutation: You are clumsy. (Dex -2) [a shining eye]
 27885 | D:14     | Reached skill level 10 in Shields
 27925 | D:14     | Noticed an iron dragon
 28167 | D:14     | Killed an iron dragon
 28490 | D:14     | Found the +6 shillelagh "Devastator" {shatter}
 28795 | D:14     | Found a gate to the Vaults.
 29679 | Shoals:1 | Entered Level 1 of the Shoals
 30465 | Shoals:1 | Reached XP level 16. HP: 114/114 MP: 27/27
 30490 | Shoals:1 | Reached skill level 15 in Invocations
 31958 | Shoals:3 | Noticed Kirke
 32197 | Shoals:3 | Noticed a sphinx
 32211 | Shoals:3 | Killed Kirke
 32350 | Shoals:3 | Noticed Jorgrun
 32364 | Shoals:3 | Killed Jorgrun
 32709 | Shoals:3 | Noticed Nikola
 32728 | Shoals:3 | Killed Nikola
 32728 | Shoals:3 | Reached skill level 10 in Dodging
 33034 | Shoals:4 | Entered Level 4 of the Shoals
 33246 | Shoals:4 | Got a barnacled rune of Zot
 34285 | D:15     | Entered Level 15 of the Dungeon
 34383 | D:15     | Reached XP level 17. HP: 123/123 MP: 28/28
 34585 | D:15     | Reached skill level 16 in Invocations
 34900 | D:15     | Found a staircase to the Depths.
 35510 | Depths:1 | Entered Level 1 of the Depths
 35510 | Depths:1 | Noticed Saint Roka
 35611 | D:15     | Killed Saint Roka
 36040 | Depths:1 | Reached skill level 17 in Invocations
 36096 | Depths:1 | Noticed Aizul
 36369 | Vaults:1 | Entered Level 1 of the Vaults
 36589 | Vaults:1 | Reached ***** piety under the Shining One
 36849 | Vaults:1 | Reached skill level 18 in Invocations
 37123 | Vaults:1 | Reached XP level 18. HP: 118/129 MP: 31/31
 37702 | Vaults:1 | Identified a scroll of acquirement
 37705 | Vaults:1 | Got a dazzling buckler
 37716 | Vaults:1 | Identified the +0 buckler of the Duchess {MR+} (You acquired it on level 1 of the Vaults)
 38540 | Snake:1  | Entered Level 1 of the Snake Pit
 39132 | Snake:1  | Reached skill level 19 in Invocations
 39660 | Snake:2  | HP: 7/193 [naga mage/bolt of poison (28)]
 39661 | Snake:2  | Killed from afar by a naga mage

Vault maps used:
D:1:      dpeg_arrival_simpleton_c, chequers_big_river
D:2:      nicolae_overflow_hidden_temple, lemuel_round_altar,
          hangedman_ru_absence, uniq_crazy_yiuf_cottage
D:3:      minmay_box_of_dots, uniq_ijyb, uniq_grinder
D:4:      cheibrodos_helix_gallery, makhleb_grotto_becter, marbit_many_paths,
          kennysheep_little_box, first_ration
D:5:      minmay_temple_entry_hall, trog_butcher_becter
D:6:      nemelex_lonely_heart_becter
D:7:      old_standard_altar, yredelemnul_altar_generic, serial_shops, shop,
          the_bakery, uniq_pikel
D:8:      lair_entry_dummy, serial_ice, serial_ice_j, serial_ice_n,
          serial_ice_h, serial_ice_d
D:9:      nicolae_qazlal_eye_of_the_storm, serial_park_tiny_pond, uniq_erica
D:10:     uniq_harold, uniq_josephine
D:11:     basic_altar
D:12:     orc_0_dummy
D:13:     nicolae_lava_and_water, uniq_nessos
D:14:     minmay_roctagon, grunt_vaults_entry_tiered, serial_co_window_serial,
          co_window_of_opportunity_a, co_window_corner_a, co_window_corner_a,
          co_window_cross_1, co_window_paths_a, co_window_corner_b,
          co_window_broadway_c, co_window_2corner, co_window_paths_c,
          co_window_corner_b, co_window_paths_d, co_window_4corner_b,
          glass_columns_a, glass_columns_a, glass_columns_a, uniq_azrael
D:15:     grunt_enter_depths_magical_seal, minivault_23, lemuel_nasty_fountain
Temple:   dshaligram_water_room_temple
Lair:1:   serial_bayou_lagoon_a, beast_lair_carwin_9
Lair:2:   serial_forest, infiniplex_forest_fountain, infiniplex_forest_corner_1,
          infiniplex_forest_lined_2, infiniplex_forest_lined_3_way,
          infiniplex_forest_straight_1, infiniplex_forest_lined_3,
          infiniplex_forest_straight_3, infiniplex_forest_lined_2,
          portal_ice_cave_entry_pillars_2, minmay_hedge_maze
Lair:4:   minmay_shoals_entry_beasts, minmay_snake_entry_guardpost_medium,
          lemuel_fruit_fields
Lair:6:   minmay_lair_end_enchanted_forest, dpeg_slime_entry_enclosed_altar,
          minmay_lair_oklob_chamber
Shoals:1: nicolae_shoals_mertower
Shoals:3: uniq_nikola, uniq_jorgrun, uniq_kirke
Shoals:4: shoals_end_simple, serial_shops, shop, nicolae_shoals_cliffside_cave
Snake:1:  spider_trap, nicolae_snake_biting_tails
Snake:2:  uniq_agnes
Orc:1:    serial_shops, nicolae_shop_stone
Orc:2:    grunt_orc_cross, basic_altar, maelrawn_ghost_labyrinth_escape
Vaults:1: hangedman_vaults_locks, nicolae_vaults_little_ls,
          nicolae_vaults_what_the_h, vaults_room_hallway, grunt_vaults_diagonal,
          nicolae_vaults_back_hallway, nicolae_vaults_circle_grid_b,
          grunt_vaults_bifocal, vaults_room_semicircle,
          nicolae_vaults_mini_display_case, vaults_room_door_hall,
          grunt_vaults_focal, nicolae_vaults_network_square,
          nicolae_vaults_know_your_exits, v_misc_26, vaults_dpeg_ring
Depths:1: hangedman_tar_grid_catacomb, hex_medium, bh_walls_and_bars,
          uniq_aizul, uniq_saint_roka
IceCv:    ice_cave_small_dragons

Skill      XL: |  1  2  3  4  5  6  7  8  9 10 11 12 13 14 15 16 17 18 |
---------------+-------------------------------------------------------+-----
Axes           | 3 4 5 6 8 9 10 11 12 13 14 | 14.0
Fighting       | 4 5 7 9 10 11 12 13 | 13.5
Shields        | 4 5 7 9 11 12 13 | 13.4
Dodging        | 6 7 8 9 10 | 10.9
Invocations    | 2 7 9 10 12 13 14 15 18 19 | 19.2
Throwing       | 4 7 |  7.9
Stealth        | 2 7 8 |  8.4
Translocations | 5 |  5.1

Action                   |  1- 3 |  4- 6 |  7- 9 | 10-12 | 13-15 | 16-18 || total
-------------------------+-------+-------+-------+-------+-------+-------++-------
Melee: War axe           |    44 |   111 |   220 |   537 |   927 |   219 ||  2058
       Constrict         |    14 |    29 |    50 |    73 |   183 |   135 ||   484
       Tentacles         |     5 |    19 |    38 |   139 |   389 |   304 ||   894
       Kick              |       |       |       |    84 |   555 |   464 ||  1103
       Flail             |       |       |       |     5 |   435 |       ||   440
       Broad axe         |       |       |       |       |       |   847 ||   847
Throw: Javelin           |       |       |       |     2 |    46 |    56 ||   104
       Throwing net      |       |       |       |     2 |       |       ||     2
 Cast: Apportation       |       |       |       |       |    21 |     3 ||    24
Invok: Divine Shield     |       |       |       |    16 |    37 |    26 ||    79
       Cleansing Flame   |       |       |       |       |     3 |    10 ||    13
 Abil: Evoke Berserk Rag |       |       |       |       |     1 |     2 ||     3
Evoke: Wand              |       |       |    20 |    37 |    35 |    23 ||   115
  Use: Scroll            |     2 |     8 |     9 |    15 |    18 |    10 ||    62
       Potion            |       |     3 |       |     6 |    15 |    14 ||    38
 Stab: Sleeping          |     8 |     7 |     1 |       |       |       ||    16
  Eat: Chunk             |       |     7 |     9 |    14 |    16 |    15 ||    61
       Ration            |       |       |     2 |     3 |    12 |     6 ||    23
Armor: Skin              |     1 |     5 |     3 |     4 |    23 |    33 ||    69
Dodge: Dodged            |    17 |    72 |    89 |   230 |   699 |   533 ||  1640
Block: Shield            |    20 |    52 |    89 |   328 |   965 |       ||  1454
       Large shield      |       |       |       |       |   458 |  1592 ||  2050

Table legend:
 A = Spawn XP
 B = Non-spawn XP
 C = Spawn XP percentage of total XP
 D = Spawn monster count
 E = Non-spawn monster count
 F = Spawn count percentage of total count
 G = Total turns spent on level
                    A         B        C        D         E        F      G
               +---------+---------+-------+---------+---------+-------+---------
         Total |       0 |  294431 |   0.0 |       0 |    1077 |   0.0 | 39661
               +---------+---------+-------+---------+---------+-------+---------
           D:1 |       0 |      38 |   0.0 |       0 |      21 |   0.0 |   844
           D:2 |       0 |     171 |   0.0 |       0 |      30 |   0.0 |  1193
           D:3 |       0 |     470 |   0.0 |       0 |      33 |   0.0 |  1056
           D:4 |       0 |     380 |   0.0 |       0 |      12 |   0.0 |  1335
           D:5 |       0 |     930 |   0.0 |       0 |      28 |   0.0 |  1815
           D:6 |       0 |    1098 |   0.0 |       0 |      16 |   0.0 |   863
           D:7 |       0 |    1376 |   0.0 |       0 |      17 |   0.0 |  1051
           D:8 |       0 |    3558 |   0.0 |       0 |      42 |   0.0 |  1784
           D:9 |       0 |    3540 |   0.0 |       0 |      45 |   0.0 |   946
          D:10 |       0 |    5645 |   0.0 |       0 |      30 |   0.0 |  1443
          D:11 |       0 |    4119 |   0.0 |       0 |      43 |   0.0 |   830
          D:12 |       0 |    8627 |   0.0 |       0 |      47 |   0.0 |  1401
          D:13 |       0 |    6802 |   0.0 |       0 |      28 |   0.0 |  1194
          D:14 |       0 |   21954 |   0.0 |       0 |      58 |   0.0 |  2253
          D:15 |       0 |   22988 |   0.0 |       0 |      63 |   0.0 |  1883
        Lair:1 |       0 |    1924 |   0.0 |       0 |       8 |   0.0 |  1260
        Lair:2 |       0 |    3300 |   0.0 |       0 |      19 |   0.0 |  1056
        Lair:3 |       0 |    1493 |   0.0 |       0 |       5 |   0.0 |   957
        Lair:4 |       0 |    8014 |   0.0 |       0 |      25 |   0.0 |  1894
        Lair:5 |       0 |    4461 |   0.0 |       0 |      23 |   0.0 |  1366
        Lair:6 |       0 |   11383 |   0.0 |       0 |      62 |   0.0 |  1821
      Shoals:1 |       0 |   14270 |   0.0 |       0 |      28 |   0.0 |  1194
      Shoals:2 |       0 |   10948 |   0.0 |       0 |      26 |   0.0 |  1264
      Shoals:3 |       0 |   19007 |   0.0 |       0 |      25 |   0.0 |   929
      Shoals:4 |       0 |   16018 |   0.0 |       0 |      28 |   0.0 |   927
       Snake:1 |       0 |   14137 |   0.0 |       0 |      33 |   0.0 |   888
       Snake:2 |       0 |    8398 |   0.0 |       0 |      16 |   0.0 |   107
         Orc:1 |       0 |    4334 |   0.0 |       0 |      28 |   0.0 |   617
         Orc:2 |       0 |   20825 |   0.0 |       0 |      97 |   0.0 |  2828
      Vaults:1 |       0 |   55324 |   0.0 |       0 |      97 |   0.0 |  1912
      Depths:1 |       0 |   13455 |   0.0 |       0 |      24 |   0.0 |   163
         IceCv |       0 |    5444 |   0.0 |       0 |      20 |   0.0 |   574
               +---------+---------+-------+---------+---------+-------+---------
